 Dungeon Crawl Stone Soup version 0.31-a0-180-g519b7de00c (webtiles) character file.

Game seed: 6820341442594535881

202 qw the Shooter (level 5, 0/49 HPs)
             Began as a Naga Hunter on June 20, 2023.
             Slain by a scorpion (6 damage)
             ... on level 3 of the Dungeon.
             The game lasted 00:01:00 (1922 turns).

qw the Shooter (Naga Hunter)                        Turns: 1922, Time: 00:01:01

Health: 0/49       AC:  5    Str: 13    XL:     5   Next: 80%
Magic:  5/5        EV: 10    Int:  9    God:
Gold:   61         SH:  0    Dex: 15    Spells: 4/4 levels left

rFire   + . .        Y - +0 shortbow
rCold   . . .        (shield currently unavailable)
rNeg    + . .        k - +2 robe of Incorporation {Rampage +Blink Dex-2 Slay+2}
rPois   +            (no helmet)
rElec   .            e - +0 cloak
rCorr   .            (no gloves)
SInv    +            (no barding)
Will    .....        j - amulet of the acrobat
Stlth   ++           f - ring of positive energy
HPRegen 0.28/turn    g - ring of protection from fire
MPRegen 0.09/turn

%: acrobat, rampage
@: very slow
A: AC +1, large, see invisible, deformed body, poison resistance, slowness 2,
spit poison 1, naga tail 1
a: Spit Poison, Evoke Blink


You were on level 3 of the Dungeon.
You visited 1 branch of the dungeon, and saw 4 of its levels.

You collected 169 gold pieces.
You spent 108 gold pieces at shops.


Innate Abilities, Weirdness & Mutations

Your serpentine skin is tough. (AC +1)
You have supernaturally acute eyesight. (SInv)
Armour fits poorly on your strangely shaped body.
Your system is resistant to poisons. (rPois)
You cover ground very slowly.
You can spit poison.
You have a snake-like lower body.


   Skills:
 - Level 3.0 Fighting
 + Level 5.9 Ranged Weapons
 - Level 1.5 Dodging
 - Level 1.5 Stealth


You had 4 spell levels left.
You didn't know any spells.
Your spell library was empty.

Inventory:

Hand Weapons
 Y - a +0 shortbow (weapon)
Armour
 e - a +0 cloak (worn)
 k - the +2 robe of Incorporation (worn) {Rampage +Blink Dex-2 Slay+2}
   (You bought it in a shop on level 2 of the Dungeon)

   Dex:       It affects your dexterity (-2).
   Slay:      It affects your accuracy & damage with ranged weapons and melee
   (+2).
   +Blink:    It lets you blink.
   Rampage:   It bestows one free step when moving towards enemies.
Jewellery
 f - a ring of positive energy (left hand)
 g - a ring of protection from fire (right hand)
 j - an amulet of the acrobat (around neck)
Potions
 b - a potion of resistance {unknown}
 h - a potion of enlightenment
 i - a potion of haste {unknown}

Dungeon Overview and Level Annotations

Branches:
Dungeon (4/15)
 Temple: D:4-7

Altars:

Shops:
D:2 [


Message History

The black bear bites you. The black bear claws you.
The black bear claws you but does no damage.
Blork the orc hits you but does no damage.
The scorpion stings you. The hound bites you but does no damage.
You shoot an arrow. The arrow hits Blork the orc!
You kill Blork the orc!
The hound bites you. The scorpion stings you. The black bear bites you.
The black bear claws you.
The black bear claws you but does no damage.
The hound closely misses you.
You shoot an arrow. The arrow hits the black bear!
The black bear is moderately wounded.
You have got your breath back.
The scorpion closely misses you. The black bear bites you.
The black bear claws you but does no damage. x2
The hound bites you.
The scorpion stings you but does no damage.
1920 ||| INVOKING Spit Poison.
Aiming: Spit Poison (1% risk of failure)
Press: ? - help, Shift-Dir - straight line, f/p - black bear The splash of poison hits the black bear.
The black bear is poisoned.
The black bear is heavily wounded.
The hound barely misses you. The black bear bites you.
The black bear claws you but does no damage.
The black bear claws you. The scorpion barely misses you.
The hound barely misses you.
You shoot an arrow. The arrow hits the black bear.
The black bear is severely wounded.
The black bear bites you. The black bear misses you.
The black bear closely misses you. The hound bites you.
The scorpion barely misses you.
The black bear bites you but does no damage.
The black bear barely misses you. The black bear misses you.
The hound closely misses you.
You shoot an arrow. The arrow hits the black bear.
The black bear is almost dead.
You have got your breath back.
The scorpion stings you.
You die...

.......#.%..........####.......##
.......#.............##.........#
.......#...##.................>.#
......##...##...................#
.....##..#...........)..........#
....##......#.##...###..........#
...##..........#.......#.........
..##......###..#######.......)...
###..###....#...@h####...........
.....# ##.#..##sh)..#............
.....# #..##.####.....#..........
.....###.###.#......###..........
.........# #.....#### #........##
.......#####.....# ##......##
........>.......)#######..#.###
........#####...)......)..#.#
......#..........######...#.#


You could see a black bear (poisoned), a scorpion and a hound.

Vanquished Creatures
  Blork the orc (D:3)
  2 adders
  5 worms
  A dart slug (D:3)
  4 orcs (D:3)
  5 bats
  12 endoplasms
  5 giant cockroaches
  10 hobgoblins
  6 jackals
  7 kobolds
  2 quokkas
  7 ball pythons
  4 frilled lizards
  10 goblins
  7 rats
88 creatures vanquished.

Notes
Turn   | Place    | Note
-------+----------+-------------------------------------------
     0 | D:1      | qw the Naga Hunter began the quest for the Orb.
     0 | D:1      | Reached XP level 1. HP: 19/19 MP: 1/1
     0 | D:1      | 0 ||| qw: Version: 0.3-a-9-g12657ce
     0 | D:1      | 0 ||| qw: Game counter: 1142
     0 | D:1      | 0 ||| qw: Always use a shield: true
     0 | D:1      | 0 ||| qw: God list: Okawaru
     0 | D:1      | 0 ||| qw: Allow faded altars: false
     0 | D:1      | 0 ||| qw: Do Orc after D:15 true
     0 | D:1      | 0 ||| qw: Do second Lair branch before Depths: true
     0 | D:1      | 0 ||| qw: Lair rune preference: random
     0 | D:1      | 0 ||| qw: Plans: Normal
     0 | D:1      | 0 ||| PLANNING D:1-11
     6 | D:1      | 6 ||| INVOKING Spit Poison.
     7 | D:1      | 7 ||| INVOKING Spit Poison.
    11 | D:1      | 11 ||| INVOKING Spit Poison.
    14 | D:1      | 14 ||| INVOKING Spit Poison.
    18 | D:1      | 18 ||| INVOKING Spit Poison.
    19 | D:1      | 19 ||| INVOKING Spit Poison.
    25 | D:1      | 25 ||| FLEEEEING.
    77 | D:1      | Found a faded altar of an unknown god.
    85 | D:1      | 85 ||| INVOKING Spit Poison.
    88 | D:1      | Reached skill level 4 in Ranged Weapons
    88 | D:1      | Reached XP level 2. HP: 26/26 MP: 2/2
    90 | D:1      | 90 ||| INVOKING Spit Poison.
   101 | D:1      | 101 ||| INVOKING Spit Poison.
   117 | D:1      | 117 ||| INVOKING Spit Poison.
   120 | D:1      | 120 ||| INVOKING Spit Poison.
   126 | D:1      | 126 ||| INVOKING Spit Poison.
   127 | D:1      | 127 ||| INVOKING Spit Poison.
   138 | D:1      | 138 ||| INVOKING Spit Poison.
   230 | D:1      | 230 ||| INVOKING Spit Poison.
   242 | D:1      | 242 ||| INVOKING Spit Poison.
   265 | D:1      | 265 ||| INVOKING Spit Poison.
   269 | D:1      | 269 ||| INVOKING Spit Poison.
   270 | D:1      | Reached XP level 3. HP: 32/32 MP: 3/3
   349 | D:1      | 349 ||| INVOKING Spit Poison.
   374 | D:1      | 374 ||| INVOKING Spit Poison.
   380 | D:1      | 380 ||| INVOKING Spit Poison.
   425 | D:1      | 425 ||| INVOKING Spit Poison.
   520 | D:1      | 520 ||| INVOKING Spit Poison.
   625 | D:1      | 625 ||| INVOKING Spit Poison.
   643 | D:1      | 643 ||| UPGRADING to +0 cloak.
   648 | D:1      | 648 ||| UPGRADING to amulet of the acrobat.
   653 | D:1      | 653 ||| UPGRADING to ring of positive energy.
   654 | D:1      | 654 ||| READING 2 scrolls labelled ZUXIETIUFI.
   655 | D:1      | 655 ||| READING scroll labelled XERENY BOISEE.
   660 | D:1      | 660 ||| DROPPING scroll of fear.
   661 | D:1      | 661 ||| DROPPING scroll of butterflies.
   708 | D:2      | 708 ||| INVOKING Spit Poison.
   712 | D:2      | 712 ||| INVOKING Spit Poison.
   725 | D:2      | 725 ||| INVOKING Spit Poison.
   729 | D:2      | 729 ||| INVOKING Spit Poison.
   731 | D:2      | 731 ||| FLEEEEING.
   735 | D:2      | 735 ||| INVOKING Spit Poison.
   785 | D:2      | 785 ||| INVOKING Spit Poison.
   790 | D:2      | 790 ||| INVOKING Spit Poison.
   800 | D:2      | 800 ||| INVOKING Spit Poison.
   806 | D:2      | Reached skill level 5 in Ranged Weapons
   806 | D:2      | Reached XP level 4. HP: 39/39 MP: 4/4
   818 | D:2      | 818 ||| INVOKING Spit Poison.
   879 | D:2      | 879 ||| INVOKING Spit Poison.
   888 | D:2      | 888 ||| INVOKING Spit Poison.
   937 | D:2      | 937 ||| INVOKING Spit Poison.
   942 | D:2      | 942 ||| INVOKING Spit Poison.
   949 | D:2      | 949 ||| INVOKING Spit Poison.
  1006 | D:2      | 1006 ||| INVOKING Spit Poison.
  1011 | D:2      | 1011 ||| INVOKING Spit Poison.
  1023 | D:2      | 1023 ||| INVOKING Spit Poison.
  1087 | D:2      | 1087 ||| INVOKING Spit Poison.
  1320 | D:2      | Found Odep's Antique Armour Boutique.
  1324 | D:2      | 1324 ||| BUYING ancient robe (108 gold).
  1324 | D:2      | Bought an ancient robe for 108 gold pieces
  1324 | D:2      | Identified the +2 robe of Incorporation {Rampage +Blink
                  | Dex-2 Slay+2} (You bought it in a shop on level 2 of the
                  | Dungeon)
  1324 | D:2      | 1324 ||| SHOPLISTING bloodstained robe (108 gold, have 9).
  1324 | D:2      | 1324 ||| SHOPLISTING helmet (85 gold, have 9).
  1324 | D:2      | 1324 ||| SHOPLISTING runed hat (133 gold, have 9).
  1368 | D:2      | 1368 ||| INVOKING Spit Poison.
  1419 | D:2      | 1419 ||| UPGRADING to +2 robe of Incorporation {Rampage
                  | +Blink Dex-2 Slay+2}.
  1429 | D:2      | 1429 ||| DROPPING +0 leather armour.
  1430 | D:2      | 1430 ||| UPGRADING to ring of protection from fire.
  1431 | D:2      | 1431 ||| READING scroll labelled ZAOW ILOYLL.
  1432 | D:2      | 1432 ||| READING scroll labelled LIMIX AFRIMI.
  1443 | D:3      | 1443 ||| INVOKING Spit Poison.
  1450 | D:3      | 1450 ||| INVOKING Spit Poison.
  1455 | D:3      | Reached skill level 3 in Fighting
  1491 | D:3      | 1491 ||| INVOKING Spit Poison.
  1516 | D:3      | 1516 ||| INVOKING Spit Poison.
  1522 | D:3      | 1522 ||| INVOKING Spit Poison.
  1526 | D:3      | 1526 ||| INVOKING Spit Poison.
  1530 | D:3      | Reached XP level 5. HP: 49/49 MP: 5/5
  1590 | D:3      | 1590 ||| INVOKING Spit Poison.
  1593 | D:3      | 1593 ||| INVOKING Spit Poison.
  1594 | D:3      | Identified the +4 hand axe of Abomination {venom, rPois rF-
                  | SInv}
  1597 | D:3      | 1597 ||| INVOKING Spit Poison.
  1619 | D:3      | 1619 ||| INVOKING Spit Poison.
  1700 | D:3      | 1700 ||| INVOKING Spit Poison.
  1705 | D:3      | 1705 ||| INVOKING Spit Poison.
  1712 | D:3      | 1712 ||| INVOKING Spit Poison.
  1718 | D:3      | 1718 ||| INVOKING Spit Poison.
  1723 | D:3      | 1723 ||| INVOKING Spit Poison.
  1727 | D:3      | 1727 ||| INVOKING Spit Poison.
  1730 | D:3      | 1730 ||| INVOKING Spit Poison.
  1876 | D:3      | 1876 ||| READING scroll labelled GEXASU HUPSOBB.
  1877 | D:3      | 1877 ||| DRINKING 2 viscous clear potions.
  1907 | D:4      | Noticed Blork the orc
  1907 | D:4      | Noticed a black bear
  1908 | D:4      | 1908 ||| INVOKING Spit Poison.
  1915 | D:4      | 1915 ||| STAIRDANCE
  1917 | D:3      | 1917 ||| INVOKING Spit Poison.
  1918 | D:3      | Killed Blork the orc
  1920 | D:3      | 1920 ||| INVOKING Spit Poison.
  1921 | D:3      | HP: 9/49 [black bear (6)]
  1922 | D:3      | Slain by a scorpion

Levels and vault maps discovered:
D:1:      saegor_arrival_simple_c, layout_basic,
          dreamdust_ecumenical_altar_statues, patterned_corridor
D:2:      layout_loops_ring, serial_shops, nicolae_shop_back_alley_shop,
          corexii_leaking_fountain, grunt_ministairs_14, minmay_misc_feat_roman,
          nicolae_wormholes
D:3:      layout_rooms, kennysheep_cross_room, grunt_decor_one_mirror
D:4:      layout_cave_pods, uniq_eustachio, uniq_blork_the_orc, uniq_grinder

Skill      XL: |  1  2  3  4 |
---------------+-------------+-----
Ranged Weapons | 4 5 |  5.9
Fighting       | 3 |  3.0
Dodging        | |  1.5
Stealth        | |  1.5

Action                     |  1- 3 |  4- 6 || total
---------------------------+-------+-------++-------
   Fire: Shortbow          |    69 |   106 ||   175
Ability: Spit Poison       |    29 |    31 ||    60
    Use: Scroll            |     2 |     3 ||     5
         Potion            |       |     1 ||     1
 Armour: Leather armour    |     2 |     7 ||     9
         Robe              |       |    50 ||    50
  Dodge: Dodged            |    13 |    61 ||    74

Table legend:
 A = Non-vault XP
 B = Vault XP
 C = Vault XP percentage of total XP
 D = Non-vault monster count
 E = Vault monster count
 F = Vault count percentage of total count
                 A         B        C        D         E       F
            +---------+---------+-------+---------+---------+-------
      Total |     179 |     110 |  38.1 |      80 |       8 |   9.1
            +---------+---------+-------+---------+---------+-------
        D:1 |      53 |       0 |   0.0 |      31 |       0 |   0.0
        D:2 |      54 |      20 |  27.0 |      21 |       7 |  25.0
        D:3 |      72 |      90 |  55.6 |      28 |       1 |   3.4
            +---------+---------+-------+---------+---------+-------
